 Dungeon Crawl Stone Soup version bcrawl-1.17.1 (webtiles) character file.

Game seed: 15904310635622593612

112 Aggronaut the Slasher (level 4, -1/27 HPs)
             Began as an Avariel Reaver on Aug 21, 2019.
             Was a Follower of Vehumet.
             Succumbed to kobold's curare-tipped needle
             ... on level 3 of the Dungeon on Oct 17, 2019.
             The game lasted 00:06:42 (2015 turns).

Aggronaut the Slasher (Avariel Reaver)              Turns: 2015, Time: 00:06:43

Health: -1/27      AC:  6    Str: 10    XL:     4   Next: 95%
Magic:  10/10      EV: 14    Int: 20    God:    Vehumet [*.....]
Gold:   165        SH:  1    Dex: 11    Spells: 7/8 levels left

rFire    x . .     SeeInvis .   a - +0 long sword
rCold    + . .     Gourm    .   (no shield)
rNeg     . . .     Faith    .   b - +0 steam dragon scales
rPois    .         Spirit   .   (no helmet)
rElec    .         Reflect  .   (no cloak)
rCorr    .         Harm     .   t - +0 pair of gloves
MR       .....                  (no boots)
Stlth    +.........             (no amulet)
HPRegen  0.09/turn              i - ring of ice
MPRegen  0.12/turn              (no ring)

@: lethally poisoned (-1 -> -23), slowed, very slow
A: no striking features
a: Renounce Religion


You were on level 3 of the Dungeon.
You worshipped Vehumet.
Vehumet was aware of your devotion.
You were not hungry.

You visited 1 branch of the dungeon, and saw 3 of its levels.

You collected 165 gold pieces.

Inventory:

Hand Weapons
 a - a +0 long sword (weapon)
Missiles
 k - 115 javelins of penetration (quivered)
Armour
 b - +0 steam dragon scales (worn)
 t - a +0 pair of gloves (worn)
Jewellery
 i - a ring of ice (left hand)
 v - a cursed ring of attention {unknown}
Wands
 q - a wand of enslavement (9)
 s - a wand of random effects (10)
Scrolls
 d - 2 scrolls of immolation
 e - 3 scrolls of identify {unknown}
 h - a scroll of fear {unknown}
 l - 2 scrolls of amnesia {unknown}
 m - a scroll of teleportation {unknown}
 o - a scroll of enchant armour {unknown}
 p - a scroll of fog {unknown}
Potions
 c - 2 potions of haste
 g - a potion of agility {unknown}
 j - a potion of curing {unknown}
 n - 2 potions of magic {unknown}
 r - a potion of berserk rage {unknown}
Comestibles
 f - 7 rations {!d}
 u - 5 chunks of flesh


   Skills:
 - Level 2.6 Fighting
 * Level 4.9 Long Blades
 + Level 4.7 Dodging
 - Level 2.6 Spellcasting


You had 7 spell levels left.
You knew the following spells:

 Your Spells              Type           Power        Failure   Level  Hunger
a - Freeze                Ice            #.....       14%         1    None

Your spell library contained the following spells:

 Spells                   Type           Power        Failure   Level  Hunger
 Magic Dart               Conj           #...         14%         1    None
 Slow                     Hex            #.......     14%         1    None
 Blink                    Tloc           N/A          22%         2    ##.....
 Call Imp                 Summ           #.......     22%         2    ##.....
 Conjure Flame            Conj/Fire      #.......     41%         3    ###....
 Mephitic Cloud           Conj/Pois/Air  #.......     41%         3    ###....
 Iskenderun's Battlesphe  Conj/Chrm      #.......     99%         5    ######.


Dungeon Overview and Level Annotations

Branches:
Dungeon (3/12)

Altars:


Message History

The curare-tipped needle completely misses you.
The kobold misses you.
The kobold shoots a curare-tipped needle.
The curare-tipped needle closely misses you.
The kobold shoots a curare-tipped needle.
The curare-tipped needle misses you.
You feel sick.
The kobold shoots a curare-tipped needle.
The curare-tipped needle barely misses you.
You feel sick.
The kobold shoots a curare-tipped needle.
The curare-tipped needle hits you.
You are lethally poisoned!
You have difficulty breathing.
* * * LOW HITPOINT WARNING * * *
You feel as though you will be slow longer.
The kobold misses you.
The kobold shoots a curare-tipped needle.
The curare-tipped needle closely misses you.
You die...

#### #####+####......
...#########........#K....!
...'.......+........'...>..
...#########........#
....................#
....................#
###.............K...# #
##########...#.#### #
#...#@# # #...#.# #...#.#
#####.. ###### ### .....#
.....# ^....# .....#


You could see 2 kobolds.

Vanquished Creatures
  A centaur skeleton (D:2)
  Terence (D:2)
  3 dart slugs
  A leopard gecko (D:1)
  8 orcs
  A giant cockroach (D:1)
  6 hobgoblins
  A quokka (D:2)
  A ball python (D:2)
  7 bats
  A frilled lizard (D:2)
  4 goblins
  7 kobolds
  4 rats
46 creatures vanquished.

Notes
Turn   | Place    | Note
-------+----------+-------------------------------------------
     0 | D:1      | Aggronaut the Avariel Reaver began the quest for the Orb.
     0 | D:1      | Reached XP level 1. HP: 13/13 MP: 6/6
   113 | D:1      | Reached XP level 2. HP: 17/18 MP: 7/7
   407 | D:1      | Reached * piety under Vehumet
   407 | D:1      | Offered knowledge of Freeze by Vehumet.
   418 | D:1      | Learned a level 1 spell: Freeze
   474 | D:1      | Reached XP level 3. HP: 14/22 MP: 9/9
   755 | D:2      | Reached XP level 4. HP: 5/27 MP: 10/10
  1097 | D:2      | Found a faded altar of an unknown god.
  1449 | D:2      | Noticed Terence
  1460 | D:2      | Killed Terence
  1624 | D:2      | Upgraded the game from bcrawl-1.13.5 to bcrawl-1.17.1
  2014 | D:3      | HP: 1/27 [asphyx]
  2015 | D:3      | Succumbed to kobold's curare-tipped needle

Skill      XL: |  1  2  3 |
---------------+----------+-----
Long Blades    | 4 |  4.9
Dodging        | 4 |  4.7
Fighting       | |  2.6
Spellcasting   | |  2.6

Action                   |  1- 3 |  4- 6 || total
-------------------------+-------+-------++-------
Melee: Long sword        |   102 |    52 ||   154
Throw: Javelin           |     3 |     6 ||     9
 Cast: Freeze            |       |     2 ||     2
 Stab: Sleeping          |     2 |     1 ||     3
  Eat: Chunk             |       |     4 ||     4
Armor: Steam dragon scal |    45 |    15 ||    60
Dodge: Dodged            |    87 |    31 ||   118
